[Event "USA Championship Women 2022"]
[Site "Saint Louis"]
[Date "2022.10.13"]
[Round "8.4"]
[White "Foisor, Sabina-Francesca"]
[Black "Tokhirjonova, Gulrukhbegim"]
[Result "1-0"]
[ECO "D90"]
[WhiteElo "2203"]
[BlackElo "2336"]
[Annotator "TA"]
[PlyCount "111"]
[EventDate "2022.09.05"]
[EventType "tourn"]
[EventCountry "USA"]
[SourceTitle "playchess.com"]
[Source "ChessBase"]
[SourceQuality "1"]
[TimeControl "40/5400+30:1800+30"]

1. d4 Nf6 2. Nf3 g6 3. c4 Bg7 4. Nc3 d5 5. h4 h5 6. Bf4 {[%emt 0:04:58] D90: Grünfeld: 4 Nf3 Bg7 sidelines.} O-O 7. e3 c6 {[%emt 0:00:15] [#]} 8. Be2 $146 {[%emt 0:05:41] White has an edge.} ({Predecessor:} 8. Ne5 Nbd7 9. Be2 Nxe5 10. Bxe5 Nd7 11. Bxg7 Kxg7 12. cxd5 cxd5 13. Nxd5 b6 14. O-O {1-0 (55) Koellner,R (2376)-Antonio,J (2277) Chess.com INT 2020}) 8... a5 9. Rc1 dxc4 10. Bxc4 Bg4 11. Be2 Nbd7 12. O-O Nb6 13. e4 a4 14. b3 Ne8 15. Ne5 Bxe2 16. Nxe2 Nd6 17. Qc2 axb3 18. Qxb3 Kh7 (18... Nxe4 19. Nxg6 Re8 20. Be5 $14) 19. Nc3 Ra6 20. Rfd1 Qa8 21. Be3 (21. g3 $14) 21... Qa7 $11 22. f4 (22. Rc2 $11) 22... f6 (22... Ra3 $17 23. Qb1 Na4 24. Nxa4 Qxa4) 23. Nd3 Na4 24. Qe6 Nxc3 25. Rxc3 Nb5 $2 (25... Ra3 $11 26. Rxa3 Qxa3) 26. Rc5 $1 $16 {[%emt 0:00:21] Threatens to win with f5.} Nd6 (26... Rxa2 27. f5 (27. Qxe7 Qa4 $17) 27... g5) 27. Qxe7 (27. f5 $142 {Intending fxg6+ and mate.} gxf5 28. Nf4 (28. exf5 Rxa2 29. Nf4 Rf7 $11) (28. Qxe7 b6 $14)) 27... b6 $18 28. Qxa7 (28. Qxd6 bxc5 29. f5 gxf5 30. Nxc5 Rxa2 $15) 28... Rxa7 29. Rxc6 Nxe4 30. Rxb6 (30. d5 $16) 30... Rxa2 31. Nc5 $1 Nc3 (31... Re8 $14) 32. Rd3 $1 $16 Nd5 33. Rd6 Ne7 34. Rd7 Nf5 {[%emt 0:00:04] [#]} 35. Ne6 (35. d5 $1 $16) 35... Rb8 $11 36. Rd2 ({White should try} 36. Nxg7 $14 Nxg7 37. Rc3) 36... Ra1+ 37. Kf2 Rbb1 $1 {[%emt 0:00:22] aiming for ...Rf1+.} 38. Kf3 $1 $36 {[%emt 0:01:00][%mdl 2048] White is more active.} ({Not} 38. Nxg7 $2 Rf1+ 39. Ke2 Rae1+ 40. Kd3 Rxe3+ 41. Kc2 Nxg7 $19) 38... Nxh4+ $2 {[%emt 0:02:31][%mdl 8192] Black is on the road to losing.} (38... Rb3 $11 {and Black has nothing to worry.} 39. Rxg7+ (39. Re2 Kh6 $17) 39... Nxg7) 39. Ke4 $18 Nf5 40. Nxg7 Nxg7 {[%emt 0:00:01] [#]} 41. Rc2 $1 {[%emt 0:04:55] Strongly threatening Rcc7.} Ra8 (41... f5+ $142 42. Kd3 Rd1+ 43. Bd2 Ra8) 42. Rcc7 Re8+ 43. Kf3 Rg8 (43... Rf1+ $2 44. Ke2 Ra1 45. Rxg7+ $18) 44. d5 {[%emt 0:04:58] Bd4 is the strong threat.} Rb3 45. Kf2 {[%emt 0:03:03] Hoping for Bd4.} Rb2+ 46. Kg1 Rb1+ 47. Kh2 {[%emt 0:00:09] And now Bd4 would win.} Rd1 {[%emt 0:00:17] Prevents Bd4.} 48. Bc5 Kh8 (48... g5 $142 49. Bf8 Kg6) 49. Rf7 {[%emt 0:05:18] Threatening mate with Bf8.} Rc1 50. d6 {[%emt 0:01:28] White threatens Bd4 and mate.} Rd1 {[%emt 0:05:06] Prevents Bd4.} 51. d7 (51. f5 $142 Kh7 52. Rxf6 gxf5 53. Be3) 51... Rd8 52. Be7 R8xd7 53. Bxf6 Rxf7 54. Rxf7 {[%emt 0:00:06] White is clearly winning.} Rd6 55. Bxg7+ Kg8 56. Be5 {[%emt 0:00:38] Weighted Error Value: White=0.21 (precise) /Black=0.48} 1-0

[Event "USA Championship Women 2022"]
[Site "Saint Louis"]
[Date "2022.10.13"]
[Round "8.5"]
[White "Krush, Irina"]
[Black "Morris-Suzuki, Sophie"]
[Result "1/2-1/2"]
[ECO "A34"]
[WhiteElo "2432"]
[BlackElo "2126"]
[Annotator "TA"]
[PlyCount "93"]
[EventDate "2022.09.05"]
[EventType "tourn"]
[EventCountry "USA"]
[SourceTitle "playchess.com"]
[Source "ChessBase"]
[SourceQuality "1"]
[TimeControl "40/5400+30:1800+30"]

1. c4 c5 2. Nf3 Nf6 3. Nc3 d5 4. cxd5 Nxd5 5. g3 Nc6 6. Bg2 Nc7 7. O-O e5 8. a3 f6 9. e3 {[%emt 0:12:21] A34: Symmetrical English: 2 Nc3, lines with ...d5.} Be7 10. d4 cxd4 11. exd4 {[%emt 0:00:03] White has an edge.} exd4 12. Ne2 Ne6 13. b4 {[%emt 0:06:18][%mdl 1024] White has compensation.} d3 14. Nc3 O-O $1 {[%emt 0:08:35] [#]} 15. Qb3 $146 ({Predecessor:} 15. Bb2 Kh8 16. Ne1 Ne5 17. Nd5 d2 18. Qxd2 Nc4 19. Qe2 Nxb2 20. Qxb2 Bd6 21. Nf3 {1-0 (64) Wang,Y (2684)-Corrales Jimenez,F (2559) Chess.com INT 2019}) 15... Kh8 $1 16. Nd5 a5 17. Be3 Nc7 (17... axb4 $14 18. axb4 Rxa1 19. Rxa1 Bd6) 18. Nxc7 $1 $16 {[%emt 0:08:10] White has more active pieces. The black rooks are badly placed.} Qxc7 19. b5 ({Much weaker is} 19. Qxd3 $6 axb4 20. axb4 Rxa1 21. Rxa1 Nxb4 $11) 19... Ne5 20. Nxe5 Qxe5 21. Rfe1 $1 a4 (21... Bd7 $16) 22. Qxd3 $18 Bf5 {[%emt 0:00:11] [#]} 23. Qf1 (23. Qc4 $1 $18) 23... Qc3 $16 24. Bxb7 Rab8 {[%emt 0:00:23] [#]} 25. Bc6 (25. Bd2 $1 $16 Qxd2 26. Rxe7) 25... Bd3 $11 26. Qh3 Bxa3 27. Bf4 Rbd8 {[%emt 0:05:27][%cal Bb8d8,Bd8c8,Bc8c7][%mdl 32] aiming for ...Bb2. The position is equal.} ({Don't play} 27... Bb2 28. Rad1 Rbd8 29. Bc7 $14) 28. Bc7 Rc8 29. Qd7 {[%emt 0:00:08] Hoping for b6.} Bxb5 30. Bxb5 {[%emt 0:00:27] Strongly threatening Bb6.} Rxc7 31. Qd1 Bc5 32. Bxa4 Qd4 33. Qxd4 Bxd4 34. Rac1 Rxc1 35. Rxc1 {[%emt 0:00:02][%mdl 4096] Endgame KRB-KRB} Be5 36. Bd7 Rd8 37. Rc8 Rxc8 38. Bxc8 {[%emt 0:00:06] KB-KB} Kg8 39. Be6+ Kf8 40. Kg2 g5 41. Bf5 h6 42. h3 Kg7 43. Be4 Bd6 44. Bf5 Be5 45. Be4 Bd6 46. Bf5 Be5 47. Be4 {[%emt 0:00:33] Weighted Error Value: White=0.10 (very precise) /Black=0.09 (flawless)} 1/2-1/2

[Event "USA Championship Women 2022"]
[Site "Saint Louis"]
[Date "2022.10.13"]
[Round "8.6"]
[White "Lee, Megan"]
[Black "Eswaran, Ashritha"]
[Result "1-0"]
[ECO "B33"]
[WhiteElo "2226"]
[BlackElo "2365"]
[Annotator "TA"]
[PlyCount "83"]
[EventDate "2022.09.05"]
[EventType "tourn"]
[EventCountry "USA"]
[SourceTitle "playchess.com"]
[Source "ChessBase"]
[SourceQuality "1"]
[TimeControl "40/5400+30:1800+30"]

1. e4 c5 2. Nf3 Nc6 3. d4 cxd4 4. Nxd4 Nf6 5. Nc3 e5 6. Ndb5 d6 7. Nd5 Nxd5 8. exd5 Nb8 9. a4 Be7 {[%emt 0:00:10] B33: Sicilian: Pelikan and Sveshnikov Variations.} 10. Bd2 Nd7 11. Bb4 O-O {[%emt 0:00:43] The position is equal.} 12. a5 ({Not} 12. Nxd6 $2 Nf6 13. c4 Bxd6 $19) ({But not} 12. Bxd6 Bxd6 13. Nxd6 Nb6 14. Nxc8 Rxc8 $11) 12... e4 {[%emt 0:00:41][%cal Oe4e3] [#]} 13. Bxd6 $146 ({Don't go for} 13. Nxd6 $2 Nf6 14. Be2 Bxd6 $19) ({Predecessor:} 13. Be2 a6 14. Nd4 Bf6 15. O-O Nc5 16. c3 Bd7 17. Bxc5 dxc5 18. Nb3 Qe7 19. Nd2 {½-½ (26) Eremin,V (2379)-Franke,H (2398) ICCF email 2019}) 13... Bxd6 14. Nxd6 Nf6 15. Nxc8 Rxc8 16. c4 b5 $1 17. b3 e3 {[%emt 0:06:30] aiming for ...Ne4.} 18. f3 {[%emt 0:06:29] [#] Prevents Ne4.} (18. Bd3 $11 {keeps the balance.}) 18... Qd6 (18... Nxd5 $1 $17 19. cxd5 Qh4+ 20. g3 Qb4+ 21. Ke2 Rc3) 19. Be2 $11 Qb4+ 20. Kf1 Qc3 {[%emt 0:08:01] [#]} (20... Ne8 $11) 21. g3 $1 $16 Ne4 $2 {[%emt 0:14:03][%mdl 8192] Black cannot hold the game after this.} 22. fxe4 $18 f5 23. Kg2 fxe4 24. Rf1 {[%emt 0:01:56] Against Rf2+} Rxf1 25. Bxf1 Qb2+ 26. Kh1 Rf8 27. Qb1 Qd4 28. Ra2 h5 29. Qe1 h4 30. gxh4 bxc4 31. Bxc4 Rf2 32. d6+ Kh8 33. Rxf2 exf2 34. Qe2 g6 {[%emt 0:00:51] Prevents Qh5+.} 35. Kg2 e3 36. Qf3 {[%emt 0:00:43] White mates.} Qxd6 37. Qa8+ Kg7 38. Qxa7+ Kh8 39. Qxe3 g5 40. Qe8+ Kg7 41. Qg8+ Kh6 42. Qe6+ {[%emt 0:01:29] Weighted Error Value: White=0.16 (very precise) /Black=0.83} 1-0

[Event "USA Championship Women 2022"]
[Site "Saint Louis"]
[Date "2022.10.13"]
[Round "8.7"]
[White "Paikidze, Nazi"]
[Black "Lee, Alice"]
[Result "0-1"]
[ECO "C22"]
[WhiteElo "2354"]
[BlackElo "2263"]
[Annotator "TA"]
[PlyCount "104"]
[EventDate "2022.09.05"]
[EventType "tourn"]
[EventCountry "USA"]
[SourceTitle "playchess.com"]
[Source "ChessBase"]
[SourceQuality "1"]
[TimeControl "40/5400+30:1800+30"]

1. e4 e5 2. Nc3 Nf6 3. d4 exd4 4. Qxd4 Nc6 5. Qe3 Bb4 6. Bd2 O-O 7. O-O-O Re8 8. Qg3 Nxe4 9. Nxe4 Rxe4 10. Bxb4 {[%emt 0:02:53] C22: Centre Game.} Nxb4 11. a3 Nc6 (11... Qf6 $2 12. axb4 d6 13. Qc3 $18) 12. Bd3 {[%emt 0:01:56] Black is slightly better.} Re8 13. Nf3 d6 {[%emt 0:11:39] [#]} 14. h4 $146 ({Predecessor:} 14. Ng5 g6 15. Qh4 h5 16. f4 Qf6 17. h3 Bf5 18. Bc4 Be6 19. Bd3 Nd4 20. Qf2 {1-0 (27) Khukhashvili,S (2334)-Zawadzka,J (2399) Tornelo INT 2020}) 14... Qf6 15. Qg5 Qxg5+ (15... Re6 {is more complex.} 16. Nd2 Ne5 17. Be4 h6) 16. hxg5 g6 17. Nd2 d5 {[%emt 0:06:57] Inhibits Ne4.} (17... Kg7 $1 $15) 18. Rh4 (18. Bb5 $11) 18... Ne5 $15 19. Be2 Nd7 20. Bf3 Re5 21. c4 c6 22. cxd5 cxd5 23. Nb3 Rxg5 24. Rxd5 Rxd5 (24... Ne5 {with more complications.} 25. Rd8+ Kg7 26. Be4 Nc6) 25. Bxd5 Nf6 26. Bf3 Rb8 27. Ra4 a6 28. Nc5 Bf5 ({Black should try} 28... Kg7 $15) 29. Bxb7 $2 {[%emt 0:01:07] White does not recover from this.} (29. Nxb7 $11 {and White has nothing to worry.} Rc8+ 30. Kd2) 29... Nd7 $19 30. Nxd7 Bxd7 31. Rxa6 {[%emt 0:00:52] [#] aiming for Bd5.} Rxb7 {[%emt 0:00:03][%mdl 4096] Endgame KRB-KR} 32. b4 Bb5 33. Ra8+ Kg7 34. g3 Rc7+ 35. Kb2 h5 36. a4 Bd3 37. Rd8 Rc2+ 38. Kb3 Bf5 39. f4 (39. a5) 39... Rg2 40. b5 Rxg3+ 41. Kb4 h4 42. Re8 h3 {[%emt 0:00:00] [#] ( -> ...h2)} 43. b6 h2 44. b7 h1=Q (44... Rg1 $142 45. Rg8+ Kxg8 46. b8=Q+ Kh7 47. Ka5 h1=Q 48. Qe8 Qd5+ 49. Qb5 Qa8+ 50. Qa6 Qe4 51. Qb7 Qe8 52. Qb5 Bd7 53. Qb7 Qd8+ 54. Qb6 Qa8+ 55. Qa6 Qd5+ 56. Kb6 Rc1 57. Ka7 Rb1 58. Qb6 Rxb6 59. Kxb6 Qc6+ 60. Ka7 Bc8 61. Kb8 Qb7#) 45. b8=Q {[%emt 0:00:00] Black is clearly winning.} Qb1+ 46. Ka5 Qxb8 47. Rxb8 {[%emt 0:00:00] KRB-KR} Re3 48. Rd8 Re4 49. Kb5 Rxf4 50. a5 Be4 {[%emt 0:00:00] And now ...g5 would win.} 51. a6 Rh4 52. Re8 Bd3+ {[%emt 0:00:00] Weighted Error Value: White=0.74/Black=0.25 (precise)} 0-1

[Event "USA Championship Women 2022"]
[Site "Saint Louis"]
[Date "2022.10.14"]
[Round "9.1"]
[White "Tokhirjonova, Gulrukhbegim"]
[Black "Lee, Megan"]
[Result "1-0"]
[ECO "D02"]
[WhiteElo "2336"]
[BlackElo "2226"]
[Annotator "TA"]
[PlyCount "111"]
[EventDate "2022.09.05"]
[EventType "tourn"]
[EventCountry "USA"]
[SourceTitle "playchess.com"]
[Source "ChessBase"]
[SourceQuality "1"]
[TimeControl "40/5400+30:1800+30"]

1. Nf3 d5 2. g3 g6 3. Bg2 Bg7 4. d4 Nf6 5. O-O Ne4 6. c4 {[%emt 0:04:27] D02: 1 d4 d5 2 Nf3 sidelines, including 2...Nf6 3 g3 and 2...Nf6 3 Bf4.} c6 7. Nc3 Nxc3 8. bxc3 {[%emt 0:00:59] White is slightly better.} dxc4 9. e4 {[%emt 0:03:11] [#]} Bg4 $146 ({Predecessor:} 9... O-O 10. Qe2 b5 11. Ba3 Qc7 12. Rab1 Bb7 13. Rfd1 Re8 14. e5 e6 15. Bd6 Qc8 {½-½ (72) Aden,T (1722)-Ewert,S (1798) Verden 2019}) 10. Qe2 b5 11. a4 O-O 12. axb5 (12. e5 $5 ) 12... cxb5 13. e5 {[%emt 0:03:17] With the idea Qe4.} a5 14. Qe4 Bxf3 15. Bxf3 Ra6 16. Ba3 {[%emt 0:08:07][%mdl 1024] And now Rfb1 would win. White has compensation. A strong pair of Bishops.} Nc6 17. Bc5 ({White should play} 17. Rfb1 $14) 17... Qc7 $11 {[%emt 0:03:14][%cal Rc6e5] Hoping for ...Nxe5!} 18. Qe3 Rb8 19. Rfb1 Nd8 (19... a4 $5 ) 20. Bd5 Ne6 21. Ba3 Qd8 22. Be4 Nc7 23. Bc5 e6 24. Qf3 $1 {[%emt 0:02:49] aiming for Bb7.} Qc8 {[%emt 0:02:14] Against Bb7} 25. h4 Bf8 26. h5 $1 Bxc5 27. dxc5 Ne8 (27... Nd5 $11) 28. c6 {[%emt 0:05:07] White is much more active.} Qc7 29. Qf4 {[%emt 0:01:12] Rd1 is the strong threat.} Ng7 $2 (29... a4 $16 {was necessary.}) 30. hxg6 $40 {[%emt 0:00:41][%mdl 128] White attacks with force.} fxg6 31. Rd1 {[%emt 0:01:12] Strongly threatening Rd7.} Rd8 {[%emt 0:01:01] Inhibits Rd7. A mistake that costs the game.} (31... Rf8 $16 32. Qh6 Qxe5) 32. Qg5 $18 Raa8 (32... Rxd1+ $2 33. Rxd1 Ra8 34. Rd7 $18) 33. Rd7 Rxd7 34. cxd7 Rd8 {[%emt 0:00:38] [#]} 35. Bc6 Rxd7 $2 (35... Rf8 36. Rd1 Qd8) (35... Qb6 36. Bxb5) 36. Bxd7 Qxd7 37. Rxa5 {[%emt 0:00:57][%mdl 4096] Endgame KQR-KQN} Qd1+ 38. Kh2 Qd5 {[%emt 0:01:21] Inhibits Ra8+.} 39. Ra7 {[%emt 0:01:04] White wants to mate with Qe7.} Qf3 40. Qd8+ Qf8 41. Qxf8+ Kxf8 {[%emt 0:30:01] KR-KN} 42. Rb7 Nf5 43. Rxb5 Ne7 44. Rc5 Nd5 45. Rxc4 Ke7 46. Rc6 Kd7 47. Rd6+ Ke7 48. c4 Nc3 49. Ra6 Kd7 50. Ra7+ Kc6 51. Rxh7 Ne4 52. f4 g5 53. Re7 gxf4 54. gxf4 {[%emt 0:00:00] White mates.} Kc5 55. Rxe6 Kxc4 {[%emt 0:00:00] [#]} 56. Rd6 $1 {[%emt 0:00:00] Weighted Error Value: White=0.14 (very precise) /Black=0.32} 1-0

[Event "USA Championship Women 2022"]
[Site "Saint Louis"]
[Date "2022.10.14"]
[Round "9.2"]
[White "Wu, Rochelle"]
[Black "Paikidze, Nazi"]
[Result "1/2-1/2"]
[ECO "A53"]
[WhiteElo "2317"]
[BlackElo "2354"]
[Annotator "TA"]
[PlyCount "62"]
[EventDate "2022.09.05"]
[EventType "tourn"]
[EventCountry "USA"]
[SourceTitle "playchess.com"]
[Source "ChessBase"]
[SourceQuality "1"]
[TimeControl "40/5400+30:1800+30"]

1. d4 Nf6 2. c4 d6 3. Nc3 e5 4. dxe5 dxe5 5. Qxd8+ Kxd8 6. Bg5 Nbd7 7. O-O-O c6 8. e3 {[%emt 0:00:58] A53: Old Indian Defence without Nf3.} Kc7 9. Bd3 Nc5 (9... Bb4 $5 ) 10. Bc2 Be6 11. b3 {[%emt 0:11:16] [#]} Nfd7 $146 ({Predecessor:} 11... a5 12. Nge2 a4 13. Kb2 Be7 14. f4 h6 15. Bh4 g5 16. Bg3 axb3 17. axb3 Nh5 {1-0 (33) Lysenko,M (2064)-Sosnina,E (1800) Ekaterinburg 2019}) 12. Kb2 f5 {[%emt 0:04:55] [#] aiming for ...h6.} 13. f4 e4 14. Nge2 g6 15. Rd2 Bg7 16. Rhd1 Nf6 17. Nd4 {[%emt 0:06:58] [#] Black must now prevent b4. The position is equal.} Rae8 18. b4 Nd3+ 19. Bxd3 exd3 20. Nxe6+ Rxe6 21. Rxd3 Rhe8 22. Bxf6 Bxf6 23. Rd7+ Kc8 24. Rf7 ({Not} 24. Rxh7 $2 Rxe3 25. Rdd7 (25. Rc1 $2 Rxc3 26. Rxc3 Re3 $19) 25... Rh8 26. Rc7+ Kd8 27. Rcd7+ Ke8 28. Rxb7 (28. Rxh8+ $2 Kxd7 29. Rh7+ Kc8 $19) 28... Bxc3+ 29. Kc2 Rxh7 30. Rxh7 Bxb4 31. Rxa7 Re2+ 32. Kb3 Be7 $19) 24... Bxc3+ 25. Kxc3 Rxe3+ $11 {[%emt 0:00:08][%mdl 4096] Endgame KRR-KRR} 26. Rd3 R3e7 27. Rf6 Re6 28. Rf7 R6e7 29. Rf6 Re6 30. Rf7 R6e7 31. Rf6 Re6 {[%emt 0:00:06] Weighted Error Value: White=0.05 (flawless) /Black=0.07 (flawless)} 1/2-1/2

[Event "USA Championship Women 2022"]
[Site "Saint Louis"]
[Date "2022.10.14"]
[Round "9.3"]
[White "Cervantes Landeiro, Thalia"]
[Black "Foisor, Sabina-Francesca"]
[Result "1-0"]
[ECO "D46"]
[WhiteElo "2272"]
[BlackElo "2203"]
[Annotator "TA"]
[PlyCount "95"]
[EventDate "2022.09.05"]
[EventType "tourn"]
[EventCountry "USA"]
[SourceTitle "playchess.com"]
[Source "ChessBase"]
[SourceQuality "1"]
[TimeControl "40/5400+30:1800+30"]

1. d4 d5 2. c4 c6 3. Nf3 Nf6 4. e3 e6 5. Bd3 Nbd7 6. Nc3 Bd6 7. O-O O-O 8. e4 dxe4 9. Nxe4 Nxe4 10. Bxe4 Nf6 11. Bc2 c5 {[%emt 0:15:44] seems to push 11...h6 aside.} 12. dxc5 {[%emt 0:08:53] D46: Semi-Slav: 5 e3 Nbd7 6 Bd3, Black avoids the Meran.} Bxc5 13. Qe2 h6 14. Bf4 {[%emt 0:08:15] White is slightly better.} b6 15. Rad1 Qe7 16. Ne5 Bb7 {[%emt 0:00:52] [#]} 17. Rd3 $146 ({Predecessor:} 17. Ba4 Rfd8 18. Nc6 Bxc6 19. Bxc6 Rac8 20. Bf3 Rxd1 21. Rxd1 Rd8 22. Be5 Rxd1+ 23. Qxd1 {½-½ (49) Garnier,R (2202)-Belmonte,D (1954) Buenos Aires 2018}) 17... Be4 18. Rh3 Bxc2 19. Qxc2 {[%emt 0:00:14][%cal Of4h6] White wants to play Bxh6!} Qb7 $2 {[%emt 0:02:44] [#]} (19... Rfc8 $11) 20. Qc1 $2 ({Only move:} 20. Bxh6 $1 $18 gxh6 21. Qd2) 20... h5 {[%emt 0:13:22] [#]} 21. Bh6 $1 {[%emt 0:03:32][%cal Oh6g7] Hoping for Bxg7!} Ne4 22. Rxh5 {[%emt 0:01:48][%cal Oh6g7] White threatens Bxg7! and mate.} f6 $1 23. Ng4 {[%emt 0:03:03][%cal Oh6g7] Threatens to win with Bxg7!} ({Weaker is} 23. Ng6 Qf7 24. Nxf8 Qxh5 25. Nxe6 gxh6 26. Nxc5 Nxc5 $17) 23... Qf7 (23... f5 $2 24. Bxg7 $1 Bd6 25. Rh8+ Kf7 26. Rh7 $18) 24. Rh4 $40 {[%emt 0:03:36][%cal Oh6g7][%mdl 128] And now Bxg7! would win. White is up to no good.} Rfd8 $2 {[%emt 0:00:52][%mdl 8192] [#] Black is now going downhill.} (24... Qg6 $1 $14) 25. Bxg7 $1 $18 Qxg7 26. Nh6+ {[%emt 0:00:23][%mdl 64] Discovered Attack} Kf8 27. Rxe4 e5 (27... Qg5 $142 28. Qxg5 (28. Rxe6 Qxc1 29. Rxc1 Rd2 $18) 28... fxg5 29. Rxe6 Kg7) 28. Rg4 Qh7 29. Rg8+ Ke7 {[%emt 0:00:04] [#]} 30. Rg7+ Qxg7 31. Nf5+ Kf7 32. Nxg7 Kxg7 33. Qc3 a5 34. Qg3+ Kf7 35. Qf3 Ra7 36. Rd1 Rxd1+ 37. Qxd1 {[%emt 0:00:02][%mdl 4096] Endgame KQ-KRB} Ke7 38. h4 Rd7 39. Qe2 Rd4 40. g3 Ke6 41. h5 Kf5 42. Kg2 Kg5 43. Kh3 Kh6 44. Qf3 Kg5 45. g4 {[%emt 0:00:00] Intending Qf5+ and mate.} Rf4 {[%emt 0:00:31] Against Qf5+} 46. Qb7 Rxf2 47. Kg3 Kh6 48. Qf7 {[%emt 0:00:00] Weighted Error Value: White=0.10 (very precise) /Black=0.48} 1-0

[Event "USA Championship Women 2022"]
[Site "Saint Louis"]
[Date "2022.10.14"]
[Round "9.4"]
[White "Morris-Suzuki, Sophie"]
[Black "Zatonskih, Anna"]
[Result "1/2-1/2"]
[ECO "C02"]
[WhiteElo "2126"]
[BlackElo "2368"]
[Annotator "TA"]
[PlyCount "104"]
[EventDate "2022.09.05"]
[EventType "tourn"]
[EventCountry "USA"]
[SourceTitle "playchess.com"]
[Source "ChessBase"]
[SourceQuality "1"]
[TimeControl "40/5400+30:1800+30"]

1. e4 e6 2. d4 d5 3. e5 c5 4. c3 Qb6 5. Nf3 Bd7 6. Bd3 cxd4 {[%emt 0:03:34] C02: French: Advance Variation.} 7. Nxd4 {[%emt 0:00:17] Nowadays more popular than 7.cxd4.} Bc5 8. Qg4 Ne7 {[%emt 0:03:52] [#] White has an edge.} 9. Na3 $146 (9. O-O $11) ({Predecessor:} 9. O-O Ng6 10. Nf3 Bb5 11. Bxb5+ Qxb5 12. Nbd2 Nd7 13. Nb3 Be7 14. Re1 h5 15. Qg3 {0-1 (50) Matlakov,M (2688)-Gorovykh,E (2488) St Petersburg 2021}) 9... Ng6 ({Black should try} 9... Nbc6 $15 10. Nxc6 (10. Qxg7 Rg8 $17) 10... Qxc6) 10. O-O $11 O-O 11. Nf3 Bxa3 12. bxa3 Qa5 13. Bd2 {[%emt 0:03:35] White is more active.} (13. Rb1 $16) 13... Qa4 $14 14. Qh5 Bb5 15. Bxb5 Qxb5 16. Ng5 $1 h6 {[%emt 0:01:53] [#]} 17. Nxe6 fxe6 18. Qxg6 Qe8 19. Qg3 Kh8 20. Rab1 b6 21. Rb4 Nc6 22. Rg4 (22. Rh4 $5 Kh7 23. c4 $16) 22... Ne7 23. Qh3 {[%emt 0:12:18][%cal Od2h6] [#] Hoping for Bxh6!} (23. Rxg7 $2 Nf5 24. Qg6 Nxg7 $19) (23. c4 $5 ) 23... Nf5 24. Rb4 Rc8 25. g4 Qg6 26. Kh1 ({White should play} 26. Qd3 $11) 26... Ne7 $15 {[%emt 0:00:05] Strongly threatening ...Nc6.} 27. g5 Qf5 28. Rh4 (28. Qxf5 $11 Rxf5 29. gxh6) 28... Qxh3 ({Don't do} 28... Qxe5 29. Re1 Qf5 30. Rxe6 Qxh3 31. Rxh3 $16) 29. Rxh3 Kh7 30. gxh6 g6 31. Bg5 Nf5 32. Rb1 Rc4 33. Rb4 $1 {[%emt 0:00:14] Against Ra4} Rfc8 34. Bd2 Re4 35. Rd3 {[%emt 0:03:04] Black must now prevent Rxe4.} Rxe5 36. a4 Ne7 37. c4 (37. a5 $14) 37... Rf5 (37... Rxc4 $2 38. Rxc4 dxc4 39. Rd7 $18) 38. cxd5 Nxd5 39. Re4 Rc6 40. Kg2 Nf6 41. Rf4 Nd5 42. Re4 ({Much weaker is} 42. Rxf5 gxf5 43. a5 bxa5 $11) 42... a5 (42... Nf6 $11 43. Re2 Nd5) 43. h4 $14 Rf7 44. Rf3 Rf5 45. h5 Rxf3 (45... Rxh5 $11 46. Rf7+ Kh8) 46. hxg6+ $18 ({Stronger than} 46. Kxf3 gxh5 47. Bg5 Nc3 $11) 46... Kxg6 47. Rg4+ (47. Kxf3 $18 {is more deadly. aiming for Rg4+.} Nf6 48. Re1) 47... Kh7 $16 48. Kxf3 {[%emt 0:01:08] Rg7+ is the strong threat.} Rc7 {[%emt 0:00:23] Against Rg7+} 49. Re4 Rc6 ({Better is} 49... Rc2) 50. Rg4 (50. Rd4 $142) 50... Rc7 51. Re4 Rc6 52. Rg4 {[%emt 0:00:19] Threatens to win with Rg7+.} Rc7 {[%emt 0:00:18] Inhibits Rg7+.  Weighted Error Value: White=0.21 (precise) /Black=0.18 (very precise)} 1/2-1/2

[Event "USA Championship Women 2022"]
[Site "Saint Louis"]
[Date "2022.10.14"]
[Round "9.5"]
[White "Eswaran, Ashritha"]
[Black "Yu, Jennifer"]
[Result "0-1"]
[ECO "B15"]
[WhiteElo "2365"]
[BlackElo "2297"]
[Annotator "TA"]
[PlyCount "112"]
[EventDate "2022.09.05"]
[EventType "tourn"]
[EventCountry "USA"]
[SourceTitle "playchess.com"]
[Source "ChessBase"]
[SourceQuality "1"]
[TimeControl "40/5400+30:1800+30"]

1. e4 c6 2. d4 d5 3. Nc3 dxe4 4. Nxe4 Nf6 5. Nxf6+ exf6 6. c3 Bf5 7. Bc4 {[%emt 0:03:31] B15: Caro-Kann: 3 Nc3: 3...g6 and 3...dxe4 4 Nxe4 Nf6 5 Nxf6+ exf6.} Bd6 8. Qe2+ Qe7 9. Nf3 {[%emt 0:01:46] [#] White has an edge.} Nd7 $146 ({Predecessor:} 9... Na6 10. Nh4 Bg4 11. Qxe7+ Kxe7 12. Bd3 Rhe8 13. Bf5 Bxf5 14. Nxf5+ Kd7+ 15. Be3 Bf8 {1-0 (55) Fedorchuk,S (2657)-Larino Nieto,D (2451) Rabat 2015}) 10. Qxe7+ $1 Kxe7 11. O-O Rhe8 12. Nh4 Be6 13. Bd3 g6 {[%emt 0:01:07] Against Nf5+} 14. Re1 Kf8 15. c4 Rad8 16. Bd2 Be7 {[%emt 0:10:07] With the idea ...Nb6.} 17. Ba5 ({White should try} 17. Bc3 $11) 17... Nb6 $15 18. Nf3 Rd7 $1 19. b3 Bg4 20. Bc3 Bxf3 21. gxf3 Red8 22. b4 Na4 23. Rxe7 $2 {[%emt 0:06:18][%mdl 8192] Loses the game.} (23. Bd2 $17 {was the only defense.}) 23... Rxe7 $19 24. Be1 Rxd4 25. Bf1 Kg7 26. Rb1 Nb6 27. Rc1 Nd7 28. Bc3 Rf4 29. Kg2 Ne5 30. Be2 g5 31. Bd2 Ng6 32. Be3 Rh4 33. Bf1 b6 34. Rd1 Rh6 35. Kg3 Nh4 36. Bh3 {[%emt 0:00:05] [#] Inhibits Nf5+.} Nxf3 $1 37. a4 (37. c5 b5) 37... Rh4 38. c5 Ne5 39. Bd4 Re8 {[%emt 0:00:57] aiming for ...Rd8.} 40. b5 cxb5 41. axb5 bxc5 42. Bxc5 Rc4 43. Be3 Rb4 44. Bf1 Rg4+ 45. Kh3 h5 {[%emt 0:00:51] [#] And now ...Rg1 would win.} 46. Be2 Rh4+ 47. Kg3 Ng4 48. Bxg4 Rxg4+ {[%emt 0:00:09][%mdl 4096] Endgame KRR-KRB} 49. Kf3 Re7 50. Rd6 Re5 51. Bd4 Rf4+ 52. Kg2 Rxb5 53. Bxa7 Rg4+ 54. Kh3 Rb3+ {[%emt 0:02:02] Black mates.} 55. Be3 f5 56. f3 Rh4+ {[%emt 0:00:12] Weighted Error Value: White=0.34/Black=0.15 (very precise)} 0-1